 Dungeon Crawl Stone Soup version 0.20-a0-1127-g1289703 (webtiles) character file.

102 Monsterracer the Chopper (level 4, -4/40 HPs)
             Began as a Hill Orc Abyssal Knight on May 18, 2017.
             Was a Believer of Lugonu.
             Killed by nerve-wracking pain
             ... invoked by an orc priest
              (9 damage)
             ... on level 3 of the Dungeon.
             The game lasted 00:05:45 (2418 turns).

Monsterracer the Chopper (Hill Orc Abyssal Knight)  Turns: 2418, Time: 00:05:46

Health: -4/40      AC:  5    Str: 14    XL:     4   Next: 78%
Magic:  5/5        EV: 10    Int: 12    God:    Lugonu [**....]
Gold:   127        SH:  0    Dex: 11    Spells: 3/3 levels left

rFire    . . .     SeeInvis .   a - +1 hand axe
rCold    . . .     Gourm    .   (no shield)
rNeg     . . .     Faith    .   n - +0 ring mail
rPois    .         Spirit   .   (no helmet)
rElec    .         Reflect  .   (no cloak)
rCorr    .         Harm     .   (no gloves)
MR       .....                  (no boots)
Stlth    +.........             (no amulet)
Regen    0.2/turn               (no ring)
MPRegen  0.1/turn               (no ring)

@: lethally poisoned (-4 -> -6)
A: no striking features
a: Depart the Abyss, Bend Space, Renounce Religion, Convert to Beogh


You were on level 3 of the Dungeon.
You worshipped Lugonu.
Lugonu was pleased with you.
You were hungry.

You visited 1 branch of the dungeon, and saw 3 of its levels.
You visited the Abyss 1 time.

You collected 127 gold pieces.

Inventory:

Hand Weapons
 a - a +1 hand axe (weapon)
Armour
 n - a +0 ring mail (worn)
Scrolls
 b - a scroll of immolation {unknown}
 d - 2 scrolls of fog {unknown}
 e - 2 scrolls of amnesia {unknown}
 g - a scroll of noise {unknown}
 i - 2 scrolls of enchant weapon {unknown}
 k - 2 scrolls of remove curse {unknown}
 m - a scroll of magic mapping {unknown}
 o - 2 scrolls of recharging {unknown}
 q - 2 scrolls of identify {unknown}
Potions
 j - a potion of curing
 l - a potion of magic
Comestibles
 c - 4 bread rations
 f - 3 royal jellies


   Skills:
 + Level 3.7 Fighting
 * Level 6.1 Axes
 + Level 2.4 Armour
 + Level 0.8 Dodging
 + Level 2.5 Invocations


You had 3 spell levels left.
You didn't know any spells.

Dungeon Overview and Level Annotations

Branches:
Dungeon (3/15)

Altars:
Dithmenos
Sif Muna
The Shining One

Annotations:
D:3 Sigmund


Message History

* * * LOW HITPOINT WARNING * * *
You barely miss the orc.
The orc is almost dead.
You hit the orc priest. The orc hits you with a hand axe.
* * * LOW HITPOINT WARNING * * *
The orc priest barely misses you.
Unknown command.
The orc priest shouts, "Surrender to Beogh and we'll let you live!"
You hit the orc.
You kill the orc!
Lugonu accepts your kill.
You hit the orc priest.
The orc priest casts a cantrip, but nothing happens.
Unknown command.
You closely miss the orc priest.
The orc priest is almost dead.
You feel sick.
The orc priest calls down the wrath of Beogh upon you.
Pain shoots through your body!
You die...

#.......# ...
#.#####.# #g. #.#
#.## #.. #.#
#.##.#..### #.#
#.# .....#
####.###
#.#####(#.#
#......#
#.......o.#
#......#
###.#####†#
#......#
#.#..@oo#
.......#
#....)###
#......#
#...#...#
#......#
#...###.#
#.)....# #...# .#
#......# #...# #
##...### #...#
....... ....>..
##.#....####..###


You could see an orc priest and an orc.

Vanquished Creatures
  3 adders
  6 dart slugs
  2 leopard geckos (D:1)
  2 orcs (D:3)
  3 giant cockroaches
  7 goblins
  5 hobgoblins
  4 jackals
  7 kobolds
  2 ball pythons
  6 bats (D:2)
  5 frilled lizards
  9 rats
61 creatures vanquished.

Notes
Turn   | Place    | Note
-------+----------+-------------------------------------------
     0 | Abyss:1  | Monsterracer the Hill Orc Abyssal Knight began the quest for the Orb.
     0 | Abyss:1  | Reached XP level 1. HP: 19/19 MP: 2/2
   110 | Abyss:1  | Noticed a wretched star
   111 | D:1      | Escaped the Abyss
   415 | D:1      | Reached skill level 3 in Axes
   468 | D:1      | Reached XP level 2. HP: 23/26 MP: 3/3
   614 | D:1      | Reached skill level 4 in Axes
   904 | D:1      | Reached * piety under Lugonu
  1007 | D:1      | Reached XP level 3. HP: 30/31 MP: 4/4
  1242 | D:2      | Reached skill level 5 in Axes
  1607 | D:2      | Reached XP level 4. HP: 34/39 MP: 5/5
  1780 | D:2      | Found a deep blue altar of Sif Muna.
  1837 | D:2      | Found a glowing golden altar of the Shining One.
  1984 | D:2      | Found a shadowy altar of Dithmenos.
  2005 | D:2      | Reached skill level 6 in Axes
  2080 | D:2      | Reached ** piety under Lugonu
  2250 | D:3      | Noticed Sigmund
  2418 | D:3      | Killed from afar by an orc priest

Vault maps used:
D:1:      co_arrival_random_square_maze, minmay_stone_trees_small
D:2:      led_sif_pool, marbit_many_paths, grunt_dithmenos_smoke, first_bread
D:3:      nicolae_overflow_crystal_walls, minmay_misc_feat_x, uniq_sigmund,
          uniq_natasha, uniq_grinder, uniq_jessica, uniq_crazy_yiuf_cottage
Abyss:1:  hangedman_abyss_or_decor_stagger

Skill      XL: |  1  2  3  4 |
---------------+-------------+-----
Axes           | 3 4 5 6 |  6.1
Fighting       | |  3.7
Armour         | |  2.4
Dodging        | |  0.8
Invocations    | |  2.5

Action                   |  1- 3 |  4- 6 || total
-------------------------+-------+-------++-------
Melee: Hand axe          |    87 |    84 ||   171
Invok: Depart the Abyss  |     1 |       ||     1
  Use: Potion            |     7 |     1 ||     8
  Eat: Chunk             |     2 |     2 ||     4
Armor: Leather armour    |     6 |       ||     6
       Ring mail         |     9 |    40 ||    49
Dodge: Dodged            |    50 |    44 ||    94
